 Dungeon Crawl Stone Soup version 0.30-a0-696-g2367cd04db (webtiles) character file.

Game seed: 8288128079100210570

959 wormed the Caller (level 7, -4/46 HPs)
             Began as a Demonspawn Summoner on Jan 20, 2023.
             Slain by an iguana (13 damage)
             ... on level 5 of the Dungeon.
             The game lasted 00:10:19 (5673 turns).

wormed the Caller (Demonspawn Summoner)             Turns: 5673, Time: 00:10:20

Health: -4/46      AC:  4    Str:  9    XL:     7   Next: 91%
Magic:  13/13      EV: 16    Int: 18    God:
Gold:   201        SH:  5    Dex: 15    Spells: 4/15 levels left

rFire   . . .      SeeInvis .    s - +1 whip (elec)
rCold   . . .      Faith    .    f - +0 buckler
rNeg    . . .      Spirit   .    i - +0 robe {Will+}
rPois   .          Reflect  .    (helmet restricted)
rElec   .          Harm     .    e - +0 cloak
rCorr   .          Rampage  .    (no gloves)
Will    +....                    d - +0 pair of boots
Stlth   +++                      (no amulet)
HPRegen 0.27/turn                c - ring of wizardry
MPRegen 0.13/turn                (no ring)

@: agile
A: horns 2, thin skeletal structure 1, powered by pain 1
a: no special abilities


You were on level 5 of the Dungeon.
You visited 2 branches of the dungeon, and saw 6 of its levels.

You collected 201 gold pieces.

Inventory:

Hand Weapons
 s - a +1 whip of electrocution (weapon)
Armour
 d - a +0 pair of boots (worn)
 e - a +0 cloak (worn)
 f - a +0 buckler (worn)
 i - a +0 robe of willpower (worn)
Jewellery
 c - a ring of wizardry (left hand)
 q - a ring of ice
Wands
 k - a wand of flame (24)
 m - a wand of paralysis (10)
Scrolls
 h - 3 scrolls of identify
 o - a scroll of silence
Potions
 a - 2 potions of curing
 b - a potion of magic
 g - 2 potions of degeneration
 j - 2 potions of heal wounds
 l - 2 potions of might
 n - a potion of haste
 r - a potion of berserk rage


   Skills:
 - Level 1.7 Dodging
 - Level 1.7 Stealth
 + Level 3.5 Shields
 + Level 4.6 Spellcasting
 - Level 4.0 Hexes
 + Level 6.2 Summonings
 + Level 1.3 Air Magic


You had 4 spell levels left.
You knew the following spells:

 Your Spells              Type           Power      Damage    Failure   Level
a - Summon Small Mammal   Summ           100%       N/A       1%          1
b - Call Canine Familiar  Summ           26%        N/A       1%          3
c - Summon Guardian Gole  Hex/Summ       22%        N/A       2%          3
d - Summon Lightning Spi  Summ/Air       17%        N/A       16%         4

Your spell library contained the following spells:

 Spells                   Type           Power      Damage    Failure   Level
 Call Imp                 Summ           26%        N/A       1%          2


Dungeon Overview and Level Annotations

Branches:
Dungeon (5/15)             Temple (1/1) D:4

Altars:
Cheibriados
Dithmenos
Gozag
Hepliaklqana
Kikubaaqudgha
Makhleb
Nemelex Xobeh
Okawaru
Qazlal
Sif Muna
Trog
Uskayaw
Wu Jian
Xom
Yredelemnul

Shops:
D:1 :   D:3 !=(((


Innate Abilities, Weirdness & Mutations

You have a pair of horns on your head.
You have a somewhat thin skeletal structure. (Dex +2, Stealth+)
You sometimes gain a little power by taking damage.


Message History

The hound barely misses you.
You hit the hound. Your headbutt misses the hound.
The hound is heavily wounded.
Your hound bites the iguana.
The iguana misses your hound. The hound bites you.
Your hound bites the iguana.
The iguana dies!
You barely miss the hound. You headbutt the hound.
The hound is severely wounded.
The hound bites you.
Your hound misses the iguana. You block the hound's attack.
You closely miss the hound. You headbutt the hound.
The hound is severely wounded.
Your hound bites the iguana but does no damage.
The hound barely misses you.
Your hound bites the iguana.
You block the hound's attack.
You completely miss the hound. You headbutt the hound.
The hound is almost dead.
Your hound bites the iguana but does no damage.
The hound bites you but does no damage.
Your hound barely misses the iguana.
The hound closely misses you.
You hit the hound.
You kill the hound!
Your hound bites the iguana but does no damage.
You closely miss the iguana.
The iguana is lightly wounded.
Your hound bites the iguana but does no damage.
The iguana bites you!
You focus on the pain.
You feel agile all of a sudden.
You barely miss the iguana.
The iguana is lightly wounded.
Your hound barely misses the iguana.
The iguana bites you!
* * * LOW HITPOINT WARNING * * *
Your hound bites the iguana but does no damage.
You hit the iguana but do no damage. Lightning courses through the iguana!
The iguana is severely wounded.
Your hound bites the iguana.
The iguana bites you.
* * * LOW HITPOINT WARNING * * *
Your hound bites the iguana but does no damage.
The iguana bites you!
You die...

# ###.# #.# ###
#.# #.# ..### #.#
#.# ....# #.#
#.##### ..... #
#.# #.##... .....
..# #.###.##.##
..... ....#
#..##.##.# ....#
......######
#..##.##.# ....#
......hl@..#
#..##.##.# ...##
.......###.#
#..##.##.# ...#
....... #.#
#..##.##.# ..##
......# #.#
#........# #.#
...... #.#
##...###### ###
.....#
##.####>.........
..#.### .....
#.........#######
.##...###...#
#........##
.#......###
#........#


You could see an iguana (ally target) and a friendly hound (summoned).

Vanquished Creatures
  An ice beast (D:5)
  A phantom (D:5)
  2 scorpions (D:4)
  A necrophage (D:5)
  A hound (D:5)
  3 adders
  A worm (D:4)
  An orc (D:3)
  2 bats (D:3)
  An endoplasm (D:3)
  3 hobgoblins (D:3)
  A jackal (D:1)
  A ball python (D:1)
  2 goblins
  2 kobolds (D:4)
  2 rats
  A bush (D:2)
26 creatures vanquished.

Vanquished Creatures (collateral kills)
  A centaur (D:4)
  A scorpion (D:5)
  A hound (D:4)
  A jelly (D:4)
  Crazy Yiuf (D:2)
  Jessica (D:2)
  An orc wizard (D:5)
  An iguana (D:5)
  4 adders
  An ufetubus (D:5)
  2 worms (D:2)
  2 dart slugs (D:2)
  5 orcs (D:5)
  5 ball pythons
  5 endoplasms
  5 giant cockroaches
  5 goblins
  3 hobgoblins
  3 jackals (D:1)
  A quokka (D:2)
  5 bats
  5 frilled lizards
  7 kobolds
  3 rats
69 creatures vanquished.

Vanquished Creatures (others)
  An ogre (D:4)
  4 gnolls (D:4)
  24 fungi (D:4)
  A plant (D:3)
30 creatures vanquished.

Grand Total: 125 creatures vanquished

Notes
Turn   | Place    | Note
-------+----------+-------------------------------------------
     0 | D:1      | wormed the Demonspawn Summoner began the quest for the Orb.
     0 | D:1      | Reached XP level 1. HP: 13/13 MP: 3/3
   314 | D:1      | Gained mutation: You have a pair of small horns on your
                  | head. [demonic ancestry]
   314 | D:1      | Reached XP level 2. HP: 17/19 MP: 1/5
   362 | D:1      | Found a faded altar of an unknown god.
   374 | D:1      | Reached skill level 1 in Hexes
   545 | D:1      | Found Fewnosy's Book Shop.
  1110 | D:2      | Noticed Jessica
  1181 | D:1      | Reached XP level 3. HP: 13/24 MP: 1/6
  1185 | D:1      | Learned a level 3 spell: Call Canine Familiar
  1296 | D:2      | Found a bloodstained altar of Trog.
  1911 | D:2      | Killed Jessica
  1912 | D:2      | Reached XP level 4. HP: 30/30 MP: 8/8
  2423 | D:2      | Found a runed translucent door.
  2424 | D:2      | Noticed Crazy Yiuf
  2496 | D:2      | Killed Crazy Yiuf
  2497 | D:2      | Reached skill level 1 in Shields
  2642 | D:3      | Found Zots's Weapon Boutique.
  2660 | D:3      | Found Iledor's Distillery.
  2691 | D:3      | Found Hogg's Jewellery Shop.
  2721 | D:3      | Found a shimmering altar of Xom.
  2778 | D:3      | Found Igiehao's Antique Weapon Shop.
  2888 | D:3      | Learned a level 3 spell: Summon Guardian Golem
  2901 | D:3      | Found Wysets's Weapon Shop.
  2909 | D:3      | Gained mutation: You sometimes gain a little power by
                  | taking damage. [demonic ancestry]
  2909 | D:3      | Reached XP level 5. HP: 35/35 MP: 9/9
  3139 | D:3      | Found a sparkling altar of Nemelex Xobeh.
  3339 | D:4      | Found a staircase to the Ecumenical Temple.
  3355 | Temple   | Entered the Ecumenical Temple
  3681 | D:4      | Found an opulent altar of Gozag.
  3724 | D:4      | Reached skill level 5 in Summonings
  3931 | D:4      | Noticed a centaur
  3938 | D:4      | Killed a centaur
  3939 | D:4      | Gained mutation: You have a somewhat thin skeletal
                  | structure. (Dex +2, Stealth+) [demonic ancestry]
  3939 | D:4      | Reached XP level 6. HP: 29/41 MP: 7/11
  4512 | D:4      | Gained mutation: You have a pair of horns on your head.
                  | [demonic ancestry]
  4512 | D:4      | Reached XP level 7. HP: 44/46 MP: 7/12
  5134 | D:5      | Entered Level 5 of the Dungeon
  5294 | D:5      | Learned a level 4 spell: Summon Lightning Spire
  5337 | D:5      | Reached skill level 6 in Summonings
  5515 | D:5      | Found a shadowy altar of Dithmenos.
  5551 | D:5      | Reached skill level 1 in Air Magic
  5673 | D:5      | Slain by an iguana

Illustrated notes

Levels and vault maps discovered:
D:1:      spicycebolla_arrival_risky_transporter, layout_rooms,
          hellmonk_ecumenical_altar_run_dry, serial_shops,
          nicolae_lakefront_shop, st_stairs_10, nrook_uturn, minivault_4
D:2:      layout_loops_ring, basic_altar, minmay_pentomino_o2,
          uniq_crazy_yiuf_cottage, uniq_jessica
D:3:      layout_basic, nemelex_dance_club_becter,
          mainiacjoe_overflow_concentric_impassable, serial_shops,
          nicolae_shop_overgrown_old_shop, nicolae_shop_hallway_stairs, shop,
          shop, shop, minmay_goblin_outpost
D:4:      wad_crossroads, layout_basic, mainiacjoe_overflow_cross_hatched
D:5:      minmay_skewed_foursquare, layout_basic, overflow_temple_1_default
Temple:   hellmonk_temple_forest_ring

Skill      XL: |  1  2  3  4  5  6  7 |
---------------+----------------------+-----
Hexes          | 1 2 3 4 |  4.0
Shields        | 1 2 3 |  3.5
Spellcasting   | 3 4 |  4.6
Summonings     | 5 6 |  6.2
Air Magic      | 1 |  1.3
Dodging        | |  1.7
Stealth        | |  1.7

Action                   |  1- 3 |  4- 6 |  7- 9 || total
-------------------------+-------+-------+-------++-------
Melee: Unarmed           |    46 |   230 |       ||   276
       Headbutt          |     7 |    85 |     8 ||   100
       Mace              |       |    52 |     9 ||    61
       Whip              |       |       |    22 ||    22
 Cast: Summon Small Mamm |    54 |     9 |     2 ||    65
       Call Canine Famil |     6 |    22 |     7 ||    35
       Summon Guardian G |       |     7 |     2 ||     9
  Use: Scroll            |     4 |       |     5 ||     9
 Stab: Distracted        |     1 |       |     1 ||     2
       Sleeping          |       |     2 |     1 ||     3
Armor: Robe              |    33 |    16 |     5 ||    54
Dodge: Dodged            |    92 |    34 |    17 ||   143
Block: Buckler           |       |    10 |    10 ||    20

Table legend: (Time is in decaauts)
 A = Elapsed time spent in this place.
 B = Non-inter-level travel time spent in this place.
 C = Inter-level travel time spent in this place.
 D = Time resting spent in this place.
 E = Time spent auto-exploring this place.
 F = Levels seen in this place.
 G = Mean time per level.
                   A        B        C        D        E       F      G
               +--------+--------+--------+--------+--------+-----+--------+
         Total |   5711 |   5471 |    240 |    126 |   3749 |   6 |  951.8 |
       Dungeon |   5528 |   5301 |    227 |    126 |   3590 |   5 | 1105.6 |
        Temple |    182 |    169 |     13 |      0 |    159 |   1 |  182.0 |
               +--------+--------+--------+--------+--------+-----+--------+

Top non-repeatable levels by time:
     D:4: 1623 daAuts
     D:2: 1578 daAuts
     D:1: 1077 daAuts
     D:3: 708 daAuts
     D:5: 541 daAuts
  Temple: 182 daAuts
